 Dungeon Crawl Stone Soup version 0.31.0-9-g3a7656b989 (webtiles) character file.

Game seed: 4220586859611345916

964 qw the Skirmisher (level 7, -2/35 HPs)
             Began as a Spriggan Hunter on Feb 2, 2024.
             Slain by a gargoyle
             ... wielding a +0 mace
              (19 damage)
             ... on level 6 of the Dungeon.
             The game lasted 00:00:16 (4086 turns).

qw the Skirmisher (Spriggan Hunter)                 Turns: 4086, Time: 00:00:17

Health: -2/35      AC:  2    Str:  7    XL:     7   Next: 93%
Magic:  8/8        EV: 22    Int: 10    God:
Gold:   261        SH:  0    Dex: 21    Spells: 6/6 levels left

rFire   . . .        d - +3 hand cannon (elec)
rCold   . . .        (no shield)
rNeg    . . .        c - +0 robe
rPois   .            (helmet restricted)
rElec   .            (no cloak)
rCorr   .            (gloves unavailable)
SInv    +            (boots unavailable)
Will    +....        (no amulet)
Stlth   ++           (no ring)
HPRegen 0.25/turn    (no ring)
MPRegen 0.11/turn

%: no passive effects
@: very quick
A: very small, no large weapons, unfitting armour, see invisible, speed 3
a: no special abilities


You were on level 6 of the Dungeon.
You visited 1 branch of the dungeon, and saw 6 of its levels.
You also visited: Sewer.

You collected 318 gold pieces.
You spent 57 gold pieces at shops.


Innate Abilities, Weirdness & Mutations

You are very small and have problems with some larger weapons.
You are too small for most types of armour.
You have supernaturally acute eyesight. (SInv)
You cover ground extremely quickly. (Speed+++)


   Skills:
 - Level 2.8 Fighting
 - Level 8.2 Ranged Weapons
 + Level 7.0 Dodging
 - Level 1.5 Stealth


You had 6 spell levels left.
You didn't know any spells.
Your spell library was empty.

Inventory:

Hand Weapons
 d - a +3 hand cannon of electrocution (weapon)
Armour
 c - a +0 robe (worn)
Potions
 b - 2 potions of heal wounds
 e - a potion of degeneration {unknown}
 f - a potion of enlightenment
 h - a potion of resistance {unknown}
 i - a potion of ambrosia {unknown}
 j - a potion of berserk rage {unknown}
 k - 3 potions of might

Dungeon Overview and Level Annotations

Branches:
Dungeon (6/15)              Sewer (visited)
 Temple: D:4-7

Altars:
Cheibriados
Dithmenos
Fedhas
Nemelex Xobeh
Sif Muna
Trog
Uskayaw

Shops:
D:1 *   D:2 *

Portals:
Abyss: D:4

Annotations:
D:4 2 transporters, qw's ghost, amateur SpHu


Message History

You now have 261 gold pieces (gained 15).
Found a stone staircase leading up and a stone staircase leading down.
A centaur comes into view.
You shoot a bolt. The bolt hits the centaur!
The centaur shouts!
The centaur is heavily wounded.
The centaur wields a +0 orcbow.
The centaur shoots an arrow.
The arrow hits you.
The centaur shoots an arrow.
The arrow completely misses you.
You shoot a bolt. The bolt hits the centaur!!
Lightning courses through the centaur!
You kill the centaur!
Your Ranged Weapons skill increases to level 8!
You start resting.
HP restored.
A gargoyle comes into view. It is wielding a +0 mace.
You shoot a bolt.
The bolt hits the gargoyle but does no damage.
Something shouts, "Flee, thou yeasty wibble-sucking death-token!"
You shoot a bolt. The bolt hits the gargoyle!
The gargoyle is heavily damaged.
You shoot a bolt. The bolt hits the gargoyle.
The gargoyle is heavily damaged.
The gargoyle hurls a stone arrow at you.
The stone arrow hits you!!
Ouch! That really hurt!
4083 ||| DRINKING 3 potions of heal wounds.
You feel much better.
You shoot a bolt.
The bolt hits the gargoyle but does no damage.
The gargoyle is heavily damaged.
A white imp comes into view.
You shoot a bolt. The bolt barely misses the gargoyle.
The gargoyle misses you. The gargoyle hits you with a +0 mace!!
Ouch! That really hurt!
You shoot a bolt.
The bolt hits the gargoyle but does no damage.
The gargoyle is heavily damaged.
The gargoyle hits you with a +0 mace!!
Ouch! That really hurt!
You die...

########.....###.#
#.........#
#######.##..#####
#.........<>....#
#.#####.#######.#
#.###### #
#......##5..
#..0........
#...@9......
#.####...... ...#
..... ##### ....
... .. .


You could see a gargoyle and a white imp.

Vanquished Creatures
  A water moccasin (D:5)
  A black bear (D:5)
  A centaur (D:6)
  A phantom (D:4)
  2 brain worms (Sewer)
  A bullfrog (D:5)
  A howler monkey (D:5)
  2 bombardier beetles
  A hound (D:5)
  An orc wizard (D:5)
  6 gnolls
  9 adders
  A river rat (Sewer)
  A shadow imp (D:5)
  A white imp (D:5)
  5 dart slugs
  6 ribbon worms
  3 orcs (D:5)
  4 endoplasms
  A giant cockroach (D:5)
  7 goblins
  8 hobgoblins
  3 jackals (D:1)
  7 kobolds
  2 quokkas (D:2)
  18 ball pythons
  5 bats (D:1)
  3 frilled lizards
  10 rats
112 creatures vanquished.

Notes
Turn   | Place    | Note
-------+----------+-------------------------------------------
     0 | D:1      | qw the Spriggan Hunter began the quest for the Orb.
     0 | D:1      | Reached XP level 1. HP: 10/10 MP: 2/2
     0 | D:1      | 0 ||| qw: Version: 0.3-a-155-g5e7d8dd
     0 | D:1      | 0 ||| qw: Game counter: 1194
     0 | D:1      | 0 ||| qw: Melee chars always use a shield: true
     0 | D:1      | 0 ||| qw: God list: Okawaru
     0 | D:1      | 0 ||| qw: Allow faded altars: false
     0 | D:1      | 0 ||| qw: Do Orc after clearing Dungeon:15 true
     0 | D:1      | 0 ||| qw: Do second Lair branch before Depths: true
     0 | D:1      | 0 ||| qw: Lair rune preference: random
     0 | D:1      | 0 ||| qw: Goals: Normal
     0 | D:1      | 0 ||| PLANNING D:1-11
    40 | D:1      | Found Kac Nux's General Store.
    42 | D:1      | Reached skill level 3 in Dodging
    78 | D:1      | 78 ||| DROPPING +1 heavy sling.
   160 | D:1      | Reached XP level 2. HP: 14/14 MP: 3/3
   309 | D:1      | Reached XP level 3. HP: 18/18 MP: 4/4
   832 | D:1      | 832 ||| READING scroll labelled ANKURGH WECRUI.
   833 | D:1      | 833 ||| DROPPING scroll of butterflies.
   909 | D:2      | Found a faded altar of an unknown god.
   931 | D:2      | Reached skill level 5 in Ranged Weapons
   945 | D:2      | Reached XP level 4. HP: 22/22 MP: 5/5
  1007 | D:2      | Found Plog's Assorted Antiques.
  1015 | D:2      | 1015 ||| SHOPLISTING blackened gilded ring (110 gold, have
                  | 68).
  1015 | D:2      | 1015 ||| BUYING glowing yellow potion (19 gold).
  1015 | D:2      | Bought a glowing yellow potion for 19 gold pieces
  1015 | D:2      | 1015 ||| BUYING grey potion (19 gold).
  1015 | D:2      | Bought a grey potion for 19 gold pieces
  1015 | D:2      | 1015 ||| BUYING sapphire potion (19 gold).
  1015 | D:2      | Bought a sapphire potion for 19 gold pieces
  1245 | D:2      | 1245 ||| READING scroll labelled QALASENWABB.
  1246 | D:2      | 1246 ||| READING scroll labelled DESABRAOTE.
  1246 | D:2      | 1246 ||| ENCHANTING +0 shortbow.
  1247 | D:2      | 1247 ||| READING scroll labelled BACIYS CYHOT.
  1271 | D:3      | Found a hide-covered altar of Uskayaw.
  1357 | D:3      | Identified the +4 dagger of the Doomed Warrior {heavy,
                  | ^Fragile rF+ Str+6 Dex-4}
  1492 | D:3      | Found a shimmering blue altar of Sif Muna.
  1497 | D:3      | Found a shadowy altar of Dithmenos.
  1498 | D:3      | Found a bloodstained altar of Trog.
  1962 | D:3      | Reached XP level 5. HP: 25/25 MP: 6/6
  1976 | D:3      | 1976 ||| READING scroll labelled TUXTIAHESCH.
  2077 | D:3      | 2077 ||| READING scroll labelled ZEPPIE EGOL.
  2131 | D:4      | 2131 ||| FLEEEEING.
  2331 | D:4      | Found a transporter.
  2331 | D:4      | Found a transporter.
  2367 | D:4      | Found a blossoming altar of Fedhas.
  2374 | D:4      | Noticed a phantom
  2381 | D:4      | Killed a phantom
  2388 | D:4      | Found a one-way gate to the infinite horrors of the Abyss.
  2388 | D:4      | Noticed a small abomination
  2388 | D:4      | Noticed qw's ghost (amateur SpHu)
  2388 | D:4      | Noticed a small abomination
  2581 | D:4      | Reached XP level 6. HP: 32/32 MP: 7/7
  2632 | D:4      | Found a snail-covered altar of Cheibriados.
  2637 | D:4      | Found a sparkling altar of Nemelex Xobeh.
  2756 | D:4      | 2756 ||| DROPPING ring of wizardry.
  2757 | D:4      | 2757 ||| READING scroll labelled RORGHI QITWA.
  2757 | D:4      | 2757 ||| IDENTIFYING brown potion
  2758 | D:4      | 2758 ||| READING 2 scrolls labelled FUBIFU SAENG.
  2759 | D:4      | 2759 ||| READING scroll labelled MAACOO UCRI.
  2759 | D:4      | 2759 ||| BRANDING +0 shortbow.
  2760 | D:4      | 2760 ||| DRINKING 3 clear potions.
  2761 | D:4      | 2761 ||| DRINKING 3 golden potions.
  2762 | D:4      | 2762 ||| DROPPING scroll of fear.
  2821 | D:5      | Entered Level 5 of the Dungeon
  2822 | D:5      | 2822 ||| PLANNING SEWER
  2846 | D:5      | Noticed a water moccasin
  2856 | D:5      | 2856 ||| DRINKING 2 potions of haste.
  2867 | D:5      | Killed a water moccasin
  2868 | D:5      | Reached skill level 6 in Ranged Weapons
  2916 | D:5      | 2916 ||| FLEEEEING.
  2917 | D:5      | 2917 ||| FLEEEEING.
  2918 | D:5      | 2918 ||| FLEEEEING.
  2919 | D:5      | 2919 ||| FLEEEEING.
  2920 | D:5      | 2920 ||| FLEEEEING.
  2927 | D:5      | Reached skill level 6 in Dodging
  3106 | D:5      | 3106 ||| DRINKING potion of haste.
  3109 | D:5      | Reached skill level 7 in Ranged Weapons
  3109 | D:5      | Reached XP level 7. HP: 19/35 MP: 8/8
  3206 | D:5      | Found a glowing drain.
  3323 | D:5      | 3323 ||| READING scroll labelled HOFUJU EQOPP.
  3324 | D:5      | 3324 ||| DRINKING 2 smoky clear potions.
  3358 | D:5      | 3358 ||| DROPPING potion of lignification.
  3367 | Sewer    | Entered a sewer
  3632 | Sewer    | 3632 ||| READING scroll labelled XACHUPSEAPN.
  3632 | Sewer    | Identified a scroll of acquirement
  3632 | Sewer    | 3632 ||| ACQUIRING +3 hand cannon of electrocution
  3632 | Sewer    | Acquired a +3 hand cannon of electrocution
  3634 | Sewer    | 3634 ||| SWAPPING to +3 hand cannon of electrocution.
  3635 | Sewer    | 3635 ||| DROPPING +0 shortbow of freezing.
  3636 | Sewer    | 3636 ||| READING scroll labelled NABROEDW ACAUSEEWO.
  3637 | Sewer    | 3637 ||| DRINKING 3 sapphire potions.
  3638 | Sewer    | 3638 ||| DROPPING 2 potions of brilliance.
  3684 | D:5      | 3684 ||| PLANNING D:1-11
  3956 | D:5      | 3956 ||| READING scroll labelled SYONNEC FOMUHU.
  3957 | D:5      | 3957 ||| DRINKING 2 grey potions.
  3959 | D:5      | 3959 ||| Stepping ~*~*~tactically~*~*~ (cloud).
  4060 | D:6      | Reached skill level 8 in Ranged Weapons
  4079 | D:6      | Noticed a gargoyle
  4082 | D:6      | HP: 5/35 [gargoyle/stone arrow (30)]
  4083 | D:6      | 4083 ||| DRINKING 3 potions of heal wounds.
  4086 | D:6      | Slain by a gargoyle

Levels and vault maps discovered:
D:1:      arrival_zaba_pyramid, layout_basic, serial_shops, shop,
          kennysheep_boxes
D:2:      layout_rooms, serial_shops, shop, chequers_ecumenical_altar_simple,
          minmay_tetromino_s2
D:3:      layout_basic, minitemple
D:4:      layout_loops_ring, nicolae_overflow_hidden_temple,
          gammafunk_ghost_abyssal_escape
D:5:      layout_rooms, portal_sewer_entry_b
D:6:      layout_basic, makhleb_heckhound_becter, temple_hall,
          minmay_misc_feat_secret_circle

Skill      XL: |  1  2  3  4  5  6  7 |
---------------+----------------------+-----
Dodging        | 3 4 5 6 7 |  7.0
Ranged Weapons | 5 7 8 |  8.2
Fighting       | 2 |  2.8
Stealth        | |  1.5

Action                     |  1- 3 |  4- 6 |  7- 9 || total
---------------------------+-------+-------+-------++-------
   Fire: Shortbow          |   103 |   169 |    59 ||   331
         Hand cannon       |       |       |    18 ||    18
    Use: Scroll            |     1 |     8 |     4 ||    13
         Potion            |       |     4 |     4 ||     8
 Armour: Robe              |    10 |    14 |    14 ||    38
  Dodge: Dodged            |    35 |    50 |    28 ||   113

Table legend:
 A = Non-vault XP
 B = Vault XP
 C = Vault XP percentage of total XP
 D = Non-vault monster count
 E = Vault monster count
 F = Vault count percentage of total count
                 A         B        C        D         E       F
            +---------+---------+-------+---------+---------+-------
      Total |    1083 |     295 |  21.4 |      89 |      23 |  20.5
            +---------+---------+-------+---------+---------+-------
        D:1 |      48 |       0 |   0.0 |      27 |       0 |   0.0
        D:2 |      88 |       1 |   1.1 |      26 |       1 |   3.7
        D:3 |      61 |       0 |   0.0 |       8 |       0 |   0.0
        D:4 |     206 |       0 |   0.0 |      13 |       0 |   0.0
        D:5 |     570 |      27 |   4.5 |      14 |       7 |  33.3
        D:6 |     110 |       0 |   0.0 |       1 |       0 |   0.0
      Sewer |       0 |     267 | 100.0 |       0 |      15 | 100.0
            +---------+---------+-------+---------+---------+-------
